 Dungeon Crawl Stone Soup version 0.30-a0-696-g2367cd04db (webtiles) character file.

Game seed: 17040634581771065590

544 Newt the Skirmisher (level 7, -3/44 HPs)
             Began as a Kobold Hunter on Jan 20, 2023.
             Slain by Menkaure (6 damage)
             ... on level 4 of the Dungeon.
             The game lasted 00:05:13 (3368 turns).

Newt the Skirmisher (Kobold Hunter)                 Turns: 3368, Time: 00:05:14

Health: -3/44      AC:  7    Str:  8    XL:     7   Next: 52%
Magic:  7/7        EV: 20    Int: 10    God:
Gold:   241        SH:  0    Dex: 21    Spells: 6/6 levels left

rFire   . . .      SeeInvis .    a - +2 shortbow
rCold   . . .      Faith    .    (shield currently unavailable)
rNeg    . . .      Spirit   .    c - +1 leather armour
rPois   +          Reflect  .    (no helmet)
rElec   .          Harm     .    g - +2 cloak {rPois}
rCorr   .          Rampage  .    (no gloves)
Will    .....                    (no boots)
Stlth   ++++                     (no amulet)
HPRegen 0.27/turn                o - ring of flight
MPRegen 0.10/turn                r - +5 ring of evasion

@: about to teleport, flying
A: small, no large weapons, nightstalker 3
a: no special abilities


You were on level 4 of the Dungeon.
You visited 1 branch of the dungeon, and saw 4 of its levels.

You collected 241 gold pieces.

Inventory:

Hand Weapons
 a - a +2 shortbow (weapon)
 l - a +0 dagger of draining
Armour
 c - a +1 leather armour (worn)
 g - a +2 cloak of poison resistance (worn)
Jewellery
 i - a ring of ice
 o - a ring of flight (left hand)
 r - a +5 ring of evasion (right hand)
Wands
 e - a wand of flame (23)
 m - a wand of roots (1)
 u - a wand of paralysis (4)
Scrolls
 b - a scroll of immolation
 p - a scroll of teleportation
Potions
 d - a potion of flight
 f - a potion of brilliance
 h - a potion of degeneration
 k - a potion of lignification
 n - a potion of haste
 q - a potion of mutation {unknown}
 s - a potion of might {unknown}
 t - a potion of berserk rage {unknown}
 w - a potion of invisibility {unknown}


   Skills:
 + Level 4.9 Fighting
 - Level 9.0 Ranged Weapons
 - Level 3.6 Dodging
 - Level 3.2 Stealth


You had 6 spell levels left.
You didn't know any spells.
Your spell library contained the following spells:

 Spells                   Type           Power      Damage    Failure   Level
 Freeze                   Ice            0%         1d3       50%         1
 Frozen Ramparts          Ice            0%         1d1       86%         3
 Hailstorm                Conj/Ice       0%         3d3       86%         3
 Ice Form                 Ice/Tmut       0%         N/A       99%         4
 Summon Ice Beast         Ice/Summ       0%         N/A       99%         4


Dungeon Overview and Level Annotations

Branches:
Dungeon (4/15)
 Temple: D:4-7

Altars:
Elyvilon
Fedhas

Annotations:
D:3 2 runed translucent doors
D:4 Menkaure


Innate Abilities, Weirdness & Mutations

You are small and have problems with some larger weapons.
You are completely attuned to the shadows.


Message History

Pain shoots through your body!
You shoot an arrow.
The arrow hits Menkaure but does no damage.
Menkaure is moderately damaged.
Menkaure grins.
You shoot an arrow. The arrow hits Menkaure!
Menkaure is heavily damaged.
Menkaure gestures at you while chanting.
Pain shoots through your body! Menkaure hits you!
* * * LOW HITPOINT WARNING * * *
You are too injured to fight recklessly!
You feel much better. Menkaure hits you!!
* * * LOW HITPOINT WARNING * * *
You feel much better.
Menkaure gestures at you while chanting.
Pain shoots through your body!
Aiming: Throw Flame
Press: ? - help, Shift-Dir - straight line, f/p - Menkaure
Aim: Menkaure (heavily damaged, fast, 85% to hit)
The puff of flame hits Menkaure.
Menkaure is heavily damaged.
Menkaure hits you!!
Aiming: Throw Flame
Press: ? - help, Shift-Dir - straight line, f/p - Menkaure
Aim: Menkaure (heavily damaged, fast, 85% to hit)
The puff of flame hits Menkaure.
Menkaure is burned terribly!
Menkaure is severely damaged.
Menkaure barely misses you.
Aiming: Throw Flame
Press: ? - help, Shift-Dir - straight line, f/p - Menkaure
Aim: Menkaure (severely damaged, fast, 85% to hit)
The puff of flame misses Menkaure.
Menkaure points at you and mumbles some strange words.
Pain shoots through your body!
* * * LOW HITPOINT WARNING * * *
Menkaure hits you.
* * * LOW HITPOINT WARNING * * *
As you read the scroll of teleportation, it crumbles to dust.
You feel strangely unstable. Menkaure hits you.
You die...

#######....
#..........
#######..........
####................
#....#####..........
#.#### ###........
#.# ##....... #.###
##...... #..@##
####### ####M##.#
#K.)# #####


You could see Menkaure (fast) and a kobold.

Vanquished Creatures
  Pargi (D:4)
  A scorpion (D:4)
  2 orc priests
  Ijyb (D:3)
  Jessica (D:3)
  An orc wizard (D:4)
  Natasha (twice) (D:4)
  Robin (D:3)
  4 gnolls
  4 adders
  A worm (D:2)
  A dart slug (D:1)
  11 orcs
  8 endoplasms
  11 giant cockroaches (D:2)
  16 goblins
  8 hobgoblins
  3 jackals (D:3)
  2 quokkas
  7 ball pythons
  9 bats
  4 frilled lizards
  6 kobolds
  4 rats
109 creatures vanquished.

Notes
Turn   | Place    | Note
-------+----------+-------------------------------------------
     0 | D:1      | Newt the Kobold Hunter began the quest for the Orb.
     0 | D:1      | Reached XP level 1. HP: 12/12 MP: 1/1
   108 | D:1      | Reached XP level 2. HP: 4/18 MP: 2/2
   492 | D:1      | Reached XP level 3. HP: 14/22 MP: 3/3
  1132 | D:2      | Reached XP level 4. HP: 26/27 MP: 4/4
  1461 | D:2      | Reached skill level 6 in Ranged Weapons
  1936 | D:3      | Reached XP level 5. HP: 32/32 MP: 5/5
  1941 | D:3      | Found a runed translucent door.
  2003 | D:3      | Found a runed translucent door.
  2020 | D:3      | Noticed Ijyb
  2051 | D:3      | Killed Ijyb
  2203 | D:3      | Noticed Robin
  2211 | D:3      | Killed Robin
  2449 | D:3      | Found a white marble altar of Elyvilon.
  2471 | D:3      | Noticed Jessica
  2472 | D:3      | Killed Jessica
  2473 | D:3      | Reached skill level 7 in Ranged Weapons
  2575 | D:3      | Reached XP level 6. HP: 37/37 MP: 6/6
  2738 | D:3      | Found a blossoming altar of Fedhas.
  2922 | D:4      | Noticed Natasha
  2926 | D:4      | Killed Natasha
  2927 | D:4      | Reached skill level 8 in Ranged Weapons
  3043 | D:4      | Noticed Natasha
  3047 | D:4      | Killed Natasha
  3108 | D:4      | Reached skill level 9 in Ranged Weapons
  3108 | D:4      | Reached XP level 7. HP: 41/41 MP: 7/7
  3195 | D:4      | Noticed Pargi
  3205 | D:4      | Killed Pargi
  3354 | D:4      | Noticed Menkaure
  3367 | D:4      | HP: 2/44 [Menkaure (2)]
  3368 | D:4      | Slain by Menkaure

Illustrated notes

Levels and vault maps discovered:
D:1:      minmay_arrival_arboretum_small, layout_basic
D:2:      minmay_roachtagon, layout_basic
D:3:      minmay_wonky_spiral, layout_rooms, lemuel_coloured_pillars_altar,
          elyvilon_altar_4, ebering_ghost_sewer_f, grunt_ministairs_15,
          uniq_robin, uniq_ijyb, uniq_jessica
D:4:      layout_basic, marbit_many_paths, supply_closet_lemuel, uniq_menkaure,
          uniq_natasha, uniq_pargi

Skill      XL: |  1  2  3  4  5  6  7 |
---------------+----------------------+-----
Stealth        | 2 3 |  3.2
Dodging        | 3 |  3.6
Fighting       | 3 4 |  4.9
Ranged Weapons | 6 7 9 |  9.0

Action                   |  1- 3 |  4- 6 |  7- 9 || total
-------------------------+-------+-------+-------++-------
 Fire: Shortbow          |    70 |   193 |    35 ||   298
Evoke: Wand              |       |     2 |     3 ||     5
  Use: Scroll            |       |    12 |     5 ||    17
       Potion            |       |     1 |     2 ||     3
Armor: Leather armour    |     7 |    42 |     9 ||    58
Dodge: Dodged            |    16 |   122 |    23 ||   161

Table legend: (Time is in decaauts)
 A = Elapsed time spent in this place.
 B = Non-inter-level travel time spent in this place.
 C = Inter-level travel time spent in this place.
 D = Time resting spent in this place.
 E = Time spent auto-exploring this place.
 F = Levels seen in this place.
 G = Mean time per level.
                   A        B        C        D        E       F      G
               +--------+--------+--------+--------+--------+-----+--------+
         Total |   3431 |   3393 |     38 |    388 |   2438 |   4 |  857.8 |
       Dungeon |   3431 |   3393 |     38 |    388 |   2438 |   4 |  857.8 |
               +--------+--------+--------+--------+--------+-----+--------+

Top non-repeatable levels by time:
     D:3: 1045 daAuts
     D:2: 945 daAuts
     D:1: 918 daAuts
     D:4: 523 daAuts
